 Dungeon Crawl Stone Soup version 0.27.1-34-g3ba077fa99 (webtiles) character file.

Game seed: 13572720564369034717

2729 mcbry74 the Grappler (level 9, 0/76 HPs)
             Began as a Troll Gladiator on Jan 29, 2022.
             Was a Priest of Okawaru.
             Slain by a six-headed hydra (10 damage)
             ... on level 6 of the Dungeon.
             The game lasted 00:23:13 (5255 turns).

mcbry74 the Grappler (Troll Gladiator)              Turns: 5255, Time: 00:23:14

Health: 0/76       AC:  6    Str: 24    XL:     9   Next: 40%
Magic:  6/8        EV: 12    Int:  7    God:    Okawaru [***...]
Gold:   313        SH:  0    Dex: 11    Spells: 3/8 levels left

rFire    . . .     SeeInvis .   D - +1 mace (holy)
rCold    . . .     Faith    .   (no shield)
rNeg     . . .     Spirit   .   z - +0 troll leather armour
rPois    .         Reflect  .   b - +0 hat
rElec    .         Harm     .   (no cloak)
rCorr    .         Rampage  .   (gloves unavailable)
Will     .....                  (boots unavailable)
Stlth    ++........             (no amulet)
HPRegen  2.22/turn              (no ring)
MPRegen  0.11/turn              (no ring)

@: heroic
A: large, unfitting armour, claws 3, regeneration 1, shaggy fur 1, tough skin 1
a: Renounce Religion, Heroism


You were on level 6 of the Dungeon.
You worshipped Okawaru.
Okawaru was most pleased with you.
You visited 1 branch of the dungeon, and saw 6 of its levels.

You collected 313 gold pieces.

Inventory:

Hand Weapons
 d - a +2 antimagic dagger
 g - a +0 whip
 l - a +0 dagger of venom
 D - a +1 mace of holy wrath (weapon)
Missiles
 c - 4 throwing nets
 e - 125 stones
 f - 3 large rocks
 w - 47 poisoned darts
 E - 2 boomerangs
Armour
 a - a +0 robe
 b - a +0 hat (worn)
 y - +0 steam dragon scales
 z - a +0 troll leather armour (worn)
 F - a +0 kite shield
 H - +0 gold dragon scales
Wands
 C - a wand of paralysis (5)
Scrolls
 i - 7 scrolls of identify
 k - 5 scrolls of teleportation
 m - 2 scrolls of brand weapon {unknown}
 o - a scroll of acquirement {unknown}
 p - a scroll of vulnerability {unknown}
 q - a scroll of enchant weapon {unknown}
 v - a scroll of enchant armour {unknown}
 x - a scroll of immolation {unknown}
Potions
 h - a potion of degeneration {unknown}
 j - a potion of curing
 n - a potion of brilliance
 r - a potion of heal wounds {unknown}
 s - a potion of haste {unknown}
 t - a potion of cancellation {unknown}
 u - 3 potions of flight {unknown}
 A - a potion of lignification {unknown}
 B - a potion of attraction {unknown}
 G - a potion of might {unknown}
 I - a potion of mutation {unknown}


   Skills:
 - Level 1.5(6.5) Fighting
 - Level 1.7(6.7) Throwing
 - Level 2.4(7.4) Dodging
 + Level 11.0(16.0) Unarmed Combat
 + Level 3.7 Transmutations
 + Level 4.4 Earth Magic


You had 3 spell levels left.
You knew the following spells:

 Your Spells              Type           Power      Damage    Failure   Level
a - Sandblast             Erth           12%        2d6       9%          1
b - Passwall              Tmut/Erth      4%         N/A       14%         2
c - Wereblood             Tmut           5%         N/A       17%         2

Your spell library contained the following spells:

 Spells                   Type           Power      Damage    Failure   Level
 Sublimation of Blood     Necr           0%         N/A       61%         2
 Lee's Rapid Deconstruct  Erth           3%         3d6*      93%         5
 Summon Hydra             Summ           0%         N/A       100%        7


Dungeon Overview and Level Annotations

Branches:
Dungeon (6/15)             Temple (0/1) D:6

Altars:
Ashenzari
Hepliaklqana
Okawaru
Uskayaw
Wu Jian
The Shining One

Shops:
D:1 !   D:5 =


Innate Abilities, Weirdness & Mutations

You are too large for most types of armour.
You have claws for hands.
Your natural rate of healing is unusually fast.
You are covered in fur. (AC +1)
You have tough skin. (AC +1)


Message History

You see here a +0 robe.
There is an open door here.
You open the door.
There is an open door here.
You see here 19 bolts.
You open the large door.
There is a large open door here.
There is a large open door here.
You open the door.
A six-headed hydra comes into view.
The six-headed hydra roars!
Casting: Sandblast (safe; 9% risk of failure)
Confirm with . or Enter, or press ? or * to list all spells.
Okay, then.
You gain the combat prowess of a mighty hero.
The six-headed hydra bites you but does no damage.
The six-headed hydra bites you. The six-headed hydra bites you! x2
The six-headed hydra bites you.
The six-headed hydra bites you but does no damage.
Your +1 mace of holy wrath softly glows with a divine radiance!
D - a +1 mace of holy wrath (weapon)
The six-headed hydra closely misses you.
The six-headed hydra bites you but does no damage. x2
The six-headed hydra bites you! The six-headed hydra barely misses you.
The six-headed hydra bites you but does no damage.
You hit the six-headed hydra.
The six-headed hydra is lightly wounded.
The six-headed hydra barely misses you. The six-headed hydra bites you!
The six-headed hydra barely misses you. The six-headed hydra bites you.
The six-headed hydra bites you but does no damage.
The six-headed hydra closely misses you.
You barely miss the six-headed hydra.
The six-headed hydra is lightly wounded.
The six-headed hydra bites you! x2
* * * LOW HITPOINT WARNING * * *
The six-headed hydra closely misses you.
The six-headed hydra bites you.
* * * LOW HITPOINT WARNING * * *
The six-headed hydra bites you!
You die...

#...............###.#..
#########.......# #.#.#
#......<# #.#.# ##
#.......# ##### ...
##'###### .... ##'###
..... #....#
......####....###
......D@........#
......##........# .....
#........# ....
#........# ...
..#........# ..
#.#........### #....
#.#..........# #....
#.#.#.########
####....# #.#<#....#
#.#


You could see a six-headed hydra.

Vanquished Creatures
  A troll (D:5)
  A wyvern (D:5)
  A steam dragon (D:5)
  Menkaure (D:4)
  A water moccasin (D:5)
  A sky beast (D:5)
  An ice beast (D:5)
  An orc warrior (D:5)
  A black bear (D:5)
  A centaur (D:6)
  An ogre (D:6)
  A phantom (D:5)
  A bullfrog (D:4)
  A gnoll sergeant (D:5)
  5 scorpions
  2 bullfrog zombies (D:5)
  4 orc priests
  3 hounds
  2 centaur skeletons
  2 centaur zombies (D:5)
  4 iguanas
  7 orc wizards
  Terence (D:2)
  7 adders
  8 gnolls
  2 shadow imps (D:5)
  An adder zombie (D:5)
  3 worms
  The ghost of Jazqba the Sneak, a weakling HODe (D:5)
  2 dart slugs
  18 orcs
  7 bats
  9 endoplasms
  6 giant cockroaches
  8 goblins
  7 hobgoblins
  8 jackals
  6 quokkas
  6 ball pythons
  2 frilled lizards
  6 kobolds
  3 rats (D:1)
154 creatures vanquished.

Notes
Turn   | Place    | Note
-------+----------+-------------------------------------------
     0 | D:1      | mcbry74 the Troll Gladiator began the quest for the Orb.
     0 | D:1      | Reached XP level 1. HP: 19/19 MP: 0/0
    82 | D:1      | Reached XP level 2. HP: 21/27 MP: 1/1
   247 | D:1      | Found Tetsima's Distillery.
   281 | D:1      | Reached skill level 4 in Unarmed Combat
   466 | D:1      | Reached XP level 3. HP: 33/33 MP: 2/2
   586 | D:1      | Found a faded altar of an unknown god.
  1185 | D:2      | Noticed Terence
  1196 | D:2      | Killed Terence
  1197 | D:2      | Reached skill level 5 in Unarmed Combat
  1197 | D:2      | Reached XP level 4. HP: 41/41 MP: 3/3
  1635 | D:3      | Found Joc Res's General Store.
  1661 | D:3      | Found a broken altar of Ashenzari.
  1758 | D:3      | Reached XP level 5. HP: 5/48 MP: 4/4
  2110 | D:3      | Reached skill level 6 in Unarmed Combat
  2495 | D:4      | Reached XP level 6. HP: 55/55 MP: 5/5
  2501 | D:4      | Found an iron altar of Okawaru.
  2509 | D:4      | Became a worshipper of Warmaster Okawaru
  2537 | D:4      | Reached skill level 7 in Unarmed Combat
  2792 | D:4      | Found a hazy altar of Hepliaklqana.
  2879 | D:4      | Noticed Menkaure
  2933 | D:4      | Killed Menkaure
  2934 | D:4      | Reached skill level 8 in Unarmed Combat
  2934 | D:4      | Reached XP level 7. HP: 35/62 MP: 6/6
  3002 | D:5      | Entered Level 5 of the Dungeon
  3034 | D:5      | Reached * piety under Okawaru
  3241 | D:5      | Reached skill level 9 in Unarmed Combat
  3254 | D:5      | Found a runed translucent gate.
  3254 | D:5      | Found a runed translucent gate.
  3254 | D:5      | Found a runed translucent gate.
  3254 | D:5      | Noticed Jazqba's ghost (weakling HODe)
  3258 | D:5      | Killed Jazqba's ghost
  3356 | D:5      | Reached ** piety under Okawaru
  3357 | D:5      | Reached XP level 8. HP: 66/70 MP: 7/7
  3634 | D:5      | Reached skill level 10 in Unarmed Combat
  3639 | D:5      | Noticed a troll
  3651 | D:4      | Reached skill level 1 in Earth Magic
  3785 | D:5      | Found Wuhawkuw's Jewellery Shop.
  3797 | D:5      | Reached skill level 1 in Transmutations
  3987 | D:5      | Reached *** piety under Okawaru
  4030 | D:5      | Killed a troll
  4031 | D:5      | Reached XP level 9. HP: 31/76 MP: 8/8
  4118 | D:5      | Paralysed by an orc for 6 turns
  4230 | D:5      | Learned a level 1 spell: Sandblast
  4233 | D:5      | Learned a level 2 spell: Passwall
  4236 | D:5      | Learned a level 2 spell: Wereblood
  4764 | D:6      | Found a staircase to the Ecumenical Temple.
  4933 | D:6      | Reached skill level 11 in Unarmed Combat
  5033 | D:6      | Found a glowing golden altar of the Shining One.
  5039 | D:6      | Found an ornate altar of the Wu Jian Council.
  5039 | D:6      | Found a hide-covered altar of Uskayaw.
  5251 | D:6      | Noticed a six-headed hydra
  5255 | D:6      | Slain by a six-headed hydra

Illustrated notes

Levels and vault maps discovered:
D:1:      lemuel_arrival_river_bridge, layout_loops_ring, serial_shops,
          nicolae_shop_behind_doors, dilly_ecumenical_altar_fadedgnrine
D:2:      layout_basic, uniq_terence
D:3:      layout_loops_ring, nicolae_ashenzari_panopticon, serial_shops, shop
D:4:      layout_rooms, mainiacjoe_overflow_catwalk,
          mainiacjoe_overflow_brackets, dk_noncrumbling_3, uniq_menkaure
D:5:      cheibrodos_fzero, layout_loops_corners, serial_shops,
          nicolae_shop_crystal, ebering_ghost_rock_garden
D:6:      layout_basic, palyth_temple_overflow_mages, minitemple,
          minmay_temple_entry_nine_rooms, uniq_pikel

Skill      XL: |  1  2  3  4  5  6  7  8  9 |
---------------+----------------------------+-----
Unarmed Combat | 4 5 6 8 9 10 11 | 11.0
Earth Magic    | 3 4 |  4.4
Transmutations | 2 3 |  3.7
Fighting       | |  1.5
Throwing       | |  1.7
Dodging        | |  2.4

Action                   |  1- 3 |  4- 6 |  7- 9 || total
-------------------------+-------+-------+-------++-------
Melee: Unarmed           |   110 |    97 |   219 ||   426
       Dagger            |    20 |    21 |       ||    41
       Punch             |     1 |     4 |     4 ||     9
       Mace              |       |       |     2 ||     2
Throw: Throwing net      |       |     1 |     1 ||     2
 Cast: Sandblast         |       |       |     1 ||     1
Invok: Heroism           |       |       |     1 ||     1
  Use: Scroll            |       |       |     5 ||     5
       Potion            |       |       |     1 ||     1
 Stab: Sleeping          |     1 |     1 |       ||     2
Armor: Robe              |    41 |    21 |    13 ||    75
       Steam dragon scal |       |       |    14 ||    14
       Troll leather arm |       |       |    40 ||    40
Dodge: Dodged            |    62 |    52 |    89 ||   203
